 Dungeon Crawl Stone Soup version 0.19.0-24-gb05acd6 (webtiles) character file.

5116 RaHiT the Reanimator (level 10, 0/60 HPs)
             Began as a Mummy Necromancer on Nov 22, 2016.
             Was a Priest of Hepliaklqana.
             Killed from afar by an electric eel (12 damage)
             ... with a bolt of electricity
             ... on level 9 of the Dungeon.
             The game lasted 01:39:14 (8219 turns).

RaHiT the Reanimator (Mummy Necromancer)            Turns: 8219, Time: 01:39:14

Health: 0/60       AC:  5    Str: 14    XL:     10   Next: 32%
Magic:  23/23      EV: 16    Int: 21    God:    Hepliaklqana [***...]
Gold:   309        SH:  9    Dex: 14    Spells: 6 memorised, 13 levels left

rFire  x . .     SeeInvis +     A - +6 flail of Makhleb's Benevolence {flame, MR- Str+3 SInv}
rCold  + . .     Gourm    .     s - +2 robe {MR+}
rNeg   + + +     Faith    .     d - +0 buckler
rPois  ∞         Spirit   .     k - +0 helmet
rElec  .         Reflect  +     (no cloak)
rCorr  .         Harm     .     (no gloves)
MR     +....                    (no boots)
Stlth  ++........               n - +4 amulet of reflection
                                t - +4 ring of evasion
                                E - +4 ring of intelligence

@: no status effects
A: no food or potions, fire vulnerability, reduced essence, cold resistance 1,
negative energy resistance 3, torment resistance, unbreathing
a: Recall Ancestor, Ancestor Identity, Transference, Renounce Religion


You were on level 9 of the Dungeon.
You worshipped Hepliaklqana.
Hepliaklqana was most pleased with you.
You were not hungry.

You visited 2 branches of the dungeon, and saw 10 of its levels.
You also visited: Sewer.

You collected 581 gold pieces.
You spent 272 gold pieces at shops.

Inventory:

Hand Weapons
 c - a +0 blowgun
 w - a +0 whip of electrocution
 x - a +3 dagger
 A - the +6 flail of Makhleb's Benevolence (weapon) {flame, MR- Str+3 SInv}
   (You bought it in a shop on level 6 of the Dungeon)

   It has been specially enchanted to burn those struck by it, causing extra
   injury to most foes and up to half again as much damage against particularly
   susceptible opponents.
   It affects your strength (+3).
   It affects your resistance to hostile enchantments.
   It lets you see invisible.
 D - a +1 antimagic short sword
Missiles
 g - 59 poisoned needles
 r - a throwing net
 v - 3 javelins (quivered)
Armour
 d - a +0 buckler (worn)
 k - a +0 helmet (worn)
 s - a +2 robe of magic resistance (worn)
 u - a +1 leather armour of fire resistance
 B - a +3 leather armour
Jewellery
 a - a +4 ring of dexterity
 n - a +4 amulet of reflection (around neck)
 t - a +4 ring of evasion (right hand)
 E - a +4 ring of intelligence (left hand)
Wands
 C - a wand of iceblast (3/15)
Scrolls
 e - 2 scrolls of remove curse
 f - 5 scrolls of teleportation
 h - 3 scrolls of recharging
 i - a scroll of immolation
 j - 4 scrolls of amnesia
 l - 4 scrolls of identify
 m - 3 scrolls of enchant weapon
 o - 2 scrolls of fog
 p - 2 scrolls of magic mapping
 q - 2 scrolls of blinking
 z - 2 scrolls of noise
Books
 b - a book of Necromancy

   Spells                             Type                      Level
   a - Pain                           Necromancy                   1
   b - Animate Skeleton               Necromancy                   1
   c - Vampiric Draining              Necromancy                   3
   d - Regeneration                   Charms/Necromancy            3
   e - Animate Dead                   Necromancy                   4
   f - Control Undead                 Necromancy                   4
 y - a book of Cantrips

   Spells                             Type                      Level
   a - Confusing Touch                Hexes                        1
   b - Animate Skeleton               Necromancy                   1
   c - Summon Small Mammal            Summoning                    1
   d - Apportation                    Translocation                1


   Skills:
 - Level 2.0 Fighting
 - Level 3.1 Maces & Flails
 - Level 1.0 Armour
 - Level 2.1 Dodging
 - Level 1.5 Stealth
 - Level 5.0 Shields
 - Level 9.1 Spellcasting
 * Level 9.6 Necromancy
 - Level 1.0 Invocations


You had 13 spell levels left.
You knew the following spells:

 Your Spells              Type           Power        Failure   Level  Hunger
a - Pain                  Necr           ####         1%          1    N/A
b - Animate Skeleton      Necr           N/A          1%          1    N/A
c - Vampiric Draining     Necr           ######....   1%          3    N/A
d - Control Undead        Necr           ######....   1%          4    N/A
e - Apportation           Tloc           #.........   10%         1    N/A
f - Animate Dead          Necr           N/A          1%          4    N/A

Dungeon Overview and Level Annotations

Branches:
Dungeon (9/15)             Temple (1/1) D:6
   Lair: D:8-11         Orc: D:9-12

Altars:
Ashenzari
Cheibriados
Dithmenos
Elyvilon
Fedhas
Gozag
Hepliaklqana
Kikubaaqudgha
Makhleb
Nemelex Xobeh
Okawaru
Qazlal
Ru
Sif Muna
Trog
Uskayaw
Vehumet
Xom
Yredelemnul
Zin
The Shining One
Beogh
Lugonu

Shops:
D:5 *   D:6 *


Innate Abilities, Weirdness & Mutations

You do not eat or drink.
Your flesh is vulnerable to fire.
You are immune to poison.
Your flesh is cold resistant. (rC+)
You are immune to negative energy. (rN+++)
You are immune to unholy pain and torment.
You can survive without breathing.
Your life essence is reduced. (-10% HP)


Message History

Orders for allies: a - Attack new target. p - Attack previous target. r - Retreat! s - Stop attacking. g - Guard the area. f - Follow me.
Anything else - Cancel.
Gang up on whom?
Press: ? - help, Dir - move target cursor, f/p - electric eel
Aim: an electric eel (water, heavily wounded) Attack!
The electric eel shoots out a bolt of lightning at you!
The bolt of electricity hits Publia.
The bolt of electricity hits you!
* * * LOW HITPOINT WARNING * * *
You enter the shallow water.
Moving in this stuff is going to be slow.
The electric eel shoots out a bolt of lightning at you!
The bolt of electricity hits you!
* * * LOW HITPOINT WARNING * * *
You swap places.
The electric eel shoots out a bolt of lightning at you!
The bolt of electricity hits you!
You die...

≈.≈♣♣♣≈≈.................##..
≈.≈≈≈≈≈≈####.............##..
.≈≈.≈...# #.................
≈.≈≈≈≈≈≈# #.....######...%..
≈≈≈♣♣♣≈.# #.....# #....†. ≈.
♣≈≈# #.....# #####.. ≈ ♣≈≈#
#..!..# #.. ≈≈.# #.....# ###
.≈≈####@....# ;≈;≈....R....#
♣≈..######### ♣≈ ####


You could see the friendly Publia the knight and an electric eel.

Vanquished Creatures
  Pikel (D:4)
  Sigmund (D:4)
  An eye of draining (D:8)
  A slave (D:4)
  A necrophage (D:6)
  A phantom (D:4)
  4 ogres
  3 centaurs
  2 big kobolds (Sewer)
  A scorpion (D:6)
  8 killer bees
  2 howler monkeys (D:8)
  An iguana (D:5)
  5 orc wizards
  Ijyb (D:2)
  7 worker ants
  A hound skeleton (D:7)
  2 worker ant zombies
  Robin (D:2)
  2 gnolls (D:4)
  8 adders
  A shadow imp (D:6)
  8 oozes
  An adder skeleton (D:8)
  7 worms
  2 leopard geckos
  32 orcs
  3 bats
  2 giant cockroaches
  11 goblins
  9 hobgoblins
  10 jackals
  3 quokkas
  8 ball pythons
  4 frilled lizards
  11 kobolds
  A leopard gecko skeleton (D:5)
  A quokka zombie (D:6)
  8 rats
176 creatures vanquished.

Vanquished Creatures (collateral kills)
  Grinder (D:6)
  A hippogriff (D:7)
  A black bear (D:7)
  4 ice beasts
  2 ogres
  3 centaurs
  Blork the orc (D:4)
  A crocodile (D:8)
  A big kobold (D:8)
  2 bullfrogs
  A wyvern zombie (D:9)
  2 scorpions
  9 killer bees
  A howler monkey (D:4)
  2 crimson imps
  2 hounds (D:7)
  5 orc priests
  A bullfrog zombie (D:7)
  An orc wizard (D:9)
  An iguana (D:8)
  A worker ant (D:7)
  A hound skeleton (D:8)
  A howler monkey skeleton (D:4)
  4 adders
  A river rat (D:4)
  3 oozes
  3 worms
  3 leopard geckos
  15 orcs
  A giant cockroach (D:4)
  2 goblins (D:2)
  A hobgoblin (D:3)
  3 jackals (D:3)
  5 quokkas
  A kobold (D:1)
  8 rats
  A plant (D:4)
96 creatures vanquished.

Vanquished Creatures (others)
  A crimson imp (D:5)
  2 ancestors
  An adder (D:5)
  A shadow imp (D:5)
  An orc (D:5)
6 creatures vanquished.

Grand Total: 278 creatures vanquished

Notes
Turn   | Place    | Note
-------+----------+-------------------------------------------
     0 | D:1      | RaHiT the Mummy Necromancer began the quest for the Orb.
     0 | D:1      | Reached XP level 1. HP: 13/13 MP: 3/3
     2 | D:1      | Learned a level 1 spell: Animate Skeleton
   308 | D:1      | Reached XP level 2. HP: 13/19 MP: 0/5
   968 | D:2      | Reached XP level 3. HP: 23/24 MP: 2/7
  1124 | D:1      | Learned a level 3 spell: Vampiric Draining
  1284 | D:2      | Noticed Robin
  1289 | D:2      | Killed Robin
  1404 | D:2      | Noticed Ijyb
  1418 | D:2      | Killed Ijyb
  1418 | D:2      | Reached XP level 4. HP: 27/30 MP: 1/10
  1973 | D:2      | Learned a level 4 spell: Control Undead
  2026 | D:3      | Found a hazy altar of Hepliaklqana.
  2034 | D:3      | Became a worshipper of Hepliaklqana the Forgotten
  2337 | D:3      | Reached XP level 5. HP: 31/31 MP: 7/11
  2625 | D:3      | Found a hide-covered altar of Uskayaw.
  2634 | D:3      | Found an ancient bone altar of Kikubaaqudgha.
  2922 | D:4      | Reached skill level 5 in Necromancy
  2940 | D:4      | Found a glowing drain.
  2959 | Sewer    | Entered a sewer
  3227 | Sewer    | Reached XP level 6. HP: 36/36 MP: 8/12
  3426 | Sewer    | Reached skill level 1 in Fighting
  3779 | D:4      | Reached skill level 1 in Shields
  4098 | D:4      | Reached skill level 1 in Armour
  4219 | D:4      | Noticed Sigmund
  4227 | D:4      | Killed Sigmund
  4227 | D:4      | Reached skill level 5 in Spellcasting
  4227 | D:4      | Reached XP level 7. HP: 37/45 MP: 4/14
  4297 | D:4      | Noticed Blork the orc
  4319 | D:4      | Killed Blork the orc
  4379 | D:4      | Reached * piety under Hepliaklqana
  4381 | D:4      | Found a sparkling altar of Nemelex Xobeh.
  4382 | D:4      | Found a bloodstained altar of Trog.
  4382 | D:4      | Found a blossoming altar of Fedhas.
  4385 | D:4      | Found a shimmering altar of Xom.
  4841 | D:5      | Entered Level 5 of the Dungeon
  4869 | D:5      | Noticed Pikel
  4914 | D:4      | Reached XP level 8. HP: 50/50 MP: 9/17
  4978 | D:4      | Killed Pikel
  5048 | D:4      | Reached skill level 5 in Shields
  5328 | D:5      | Found Unkoere's General Store.
  5374 | D:5      | Learned a level 1 spell: Apportation
  5605 | D:5      | Found a stormy altar of Qazlal.
  5795 | D:6      | Found a glowing silver altar of Zin.
  5795 | D:6      | Reached ** piety under Hepliaklqana
  5796 | D:6      | Remembered your ancestor Publia as a knight
  5914 | D:6      | Noticed Grinder
  5934 | D:6      | Killed Grinder
  5934 | D:6      | Reached XP level 9. HP: 54/54 MP: 14/19
  6007 | D:6      | Found Zatin Nui's Assorted Antiques.
  6015 | D:6      | Bought a brightly glowing flail for 272 gold pieces
  6015 | D:6      | Identified the +6 flail of Makhleb's Benevolence {flame, MR- Str+3 SInv} (You bought it in a shop on level 6 of the Dungeon)
  6113 | D:6      | Found a sacrificial altar of Ru.
  6303 | D:6      | Found a staircase to the Ecumenical Temple.
  6323 | Temple   | Entered the Ecumenical Temple
  6814 | D:7      | Found a glowing golden altar of the Shining One.
  6816 | D:7      | Noticed an angel
  6831 | D:7      | Found a basalt altar of Yredelemnul.
  6833 | D:7      | Noticed a profane servitor
  6864 | D:7      | Found an iron altar of Okawaru.
  6902 | D:7      | Reached skill level 1 in Maces & Flails
  7153 | D:7      | Reached *** piety under Hepliaklqana
  7330 | D:7      | Found a burning altar of Makhleb.
  7431 | D:8      | Reached skill level 1 in Invocations
  7633 | D:8      | Reached XP level 10. HP: 35/60 MP: 1/23
  7642 | D:8      | Learned a level 4 spell: Animate Dead
  7675 | D:8      | Found a shadowy altar of Dithmenos.
  7804 | D:8      | Found a roughly hewn altar of Beogh.
  7909 | D:8      | Found a white marble altar of Elyvilon.
  8219 | D:9      | Killed from afar by an electric eel

Skill      XL: |  1  2  3  4  5  6  7  8  9 10 |
---------------+-------------------------------+-----
Spellcasting   | 3 4 5 6 7 9 |  9.1
Necromancy     | 6 7 8 9 |  9.6
Fighting       | 2 |  2.0
Shields        | 1 3 5 |  5.0
Dodging        | 2 |  2.1
Armour         | 1 |  1.0
Maces & Flails | 3 |  3.1
Invocations    | 1 |  1.0
Stealth        | |  1.5

Action                   |  1- 3 |  4- 6 |  7- 9 | 10-12 || total
-------------------------+-------+-------+-------+-------++-------
Melee: Whip              |    18 |    80 |    35 |       ||   133
       Flail             |       |       |   114 |    40 ||   154
Throw: Javelin           |       |       |     9 |     4 ||    13
 Cast: Pain              |    61 |   163 |   126 |    36 ||   386
       Animate Skeleton  |    13 |    21 |    30 |     3 ||    67
       Vampiric Draining |       |     4 |    15 |       ||    19
       Control Undead    |       |       |     2 |       ||     2
       Animate Dead      |       |       |       |     3 ||     3
Invok: Recall Ancestor   |       |       |     2 |       ||     2
       Ancestor Life: Kn |       |       |     1 |       ||     1
  Use: Scroll            |     4 |     7 |     3 |     1 ||    15
 Stab: Sleeping          |       |       |     3 |       ||     3
       Distracted        |       |       |     2 |     2 ||     4
Armor: Robe              |     5 |    16 |    27 |     7 ||    55
Dodge: Dodged            |    26 |    85 |   162 |    33 ||   306
Block: Other             |       |    11 |     3 |       ||    14
       Buckler           |       |       |   117 |    20 ||   137
       Reflection        |       |       |     6 |       ||     6
